| TOP OF THE 1ST |
|
Waterbury Rough Riders batting - Pitching for Elmira Pioneers : LHP Ricky Wright
|
|
Pitching: LHP Ricky Wright
|
|
|
Batting: RHB David Corman
|
0-0: Ball 1-0: Swinging Strike 1-1: Foul Ball, location: 2F 1-2: Ball 2-2: SINGLE (Line Drive, 7LS, EV 100.6 MPH)
|
|
Batting: RHB Daniel Purpura
|
0-0: Called Strike 0-1: Grounds into double play, 5-4-3 (Groundball, 5, EV 83.8 MPH)
|
|
Batting: RHB Billy Beane
|
0-0: Fly out, F9 (Flyball, 9, EV 87.5 MPH)
|
| Top of the 1st over - 0 runs, 1 hit, 0 errors, 0 left on base; Waterbury 0 - Elmira 0 |
| BOTTOM OF THE 1ST |
|
Elmira Pioneers batting - Pitching for Waterbury Rough Riders : RHP Jeffrey Orville
|
|
Pitching: RHP Jeffrey Orville
|
|
|
Batting: RHB Ken Dowell
|
0-0: Ball 1-0: Foul Ball, location: 2F 1-1: Ball 2-1: Ball 3-1: Called Strike 3-2: Foul Ball, location: 2F 3-2: Base on Balls
|
|
Batting: RHB Mark Wasinger
|
0-0: Ball Ken Dowell steals 2nd base 1-0: Ball 2-0: Called Strike 2-1: Ground out 4-3 (Groundball, 4, EV 110.0 MPH) Ken Dowell to third
|
|
Batting: RHB Richard Givens
|
0-0: Called Strike 0-1: Foul Ball, location: 2F 0-2: Ball 1-2: SINGLE (Groundball, 4MD, EV 99.4 MPH) Ken Dowell scores
|
|
Batting: RHB Greg Keatley
|
0-0: Fly out, F8 (Flyball, 78M, EV 82.5 MPH)
|
|
Batting: RHB Edwin Rodriguez
|
0-0: Called Strike 0-1: SINGLE (Groundball, 15S, EV 66.9 MPH) (infield hit) Richard Givens to second
|
|
Batting: SHB Esteban Mendez
|
0-0: SINGLE (Groundball, 4D, EV 99.4 MPH) Richard Givens to third Edwin Rodriguez to second Runner from 3rd tries for Home, SAFE, throw by RF to home
|
|
Batting: LHB Juan Flores
|
0-0: Ground out 1-3 (Groundball, 34S, EV 63.8 MPH)
|
| Bottom of the 1st over - 2 runs, 3 hits, 0 errors, 2 left on base; Waterbury 0 - Elmira 2 |
| TOP OF THE 2ND |
|
Waterbury Rough Riders batting - Pitching for Elmira Pioneers : LHP Ricky Wright
|
|
Batting: RHB john W Russell
|
0-0: Called Strike 0-1: Ball 1-1: Swinging Strike 1-2: Strikes out swinging
|
|
Batting: RHB Dave Wilder
|
0-0: Ball 1-0: Ball 2-0: Ball 3-0: Called Strike 3-1: Fly out, F3 (Line Drive, 3, EV 68.1 MPH)
|
|
Batting: RHB Jack Fimple
|
0-0: Called Strike 0-1: Ball 1-1: Fly out, F4 (Popup, 34S, EV 72.5 MPH)
|
| Top of the 2nd over - 0 runs, 0 hits, 0 errors, 0 left on base; Waterbury 0 - Elmira 2 |
| BOTTOM OF THE 2ND |
|
Elmira Pioneers batting - Pitching for Waterbury Rough Riders : RHP Jeffrey Orville
|
|
Batting: RHB Curtis Cannedy
|
0-0: Foul Ball, location: 2F 0-1: Ball 1-1: Ball 2-1: Foul Ball, location: 2F 2-2: Foul Ball, location: 2F 2-2: Fly out, F8 (Flyball, 78S, EV 84.4 MPH)
|
|
Batting: LHB German Barranca
|
0-0: Ball 1-0: Ball 2-0: Called Strike 2-1: Ball 3-1: Base on Balls
|
|
Batting: RHB Ken Dowell
|
0-0: Ball 1-0: Called Strike 1-1: Ball 2-1: Called Strike 2-2: Strikes out swinging German Barranca steals 2nd base Batter strikes out.
|
|
Batting: RHB Mark Wasinger
|
0-0: Ball 1-0: Ball 2-0: Called Strike 2-1: SINGLE (Groundball, 56D, EV 102.5 MPH) (infield hit) German Barranca to third
|
|
Batting: RHB Richard Givens
|
0-0: Swinging Strike 0-1: Called Strike 0-2: Strikes out swinging
|
| Bottom of the 2nd over - 0 runs, 1 hit, 0 errors, 2 left on base; Waterbury 0 - Elmira 2 |
| TOP OF THE 3RD |
|
Waterbury Rough Riders batting - Pitching for Elmira Pioneers : LHP Ricky Wright
|
|
Batting: RHB Jose Quiroz
|
0-0: Ball 1-0: Ball 2-0: Swinging Strike 2-1: Fly out, F7 (Flyball, 7, EV 83.8 MPH)
|
|
Batting: LHB David Blume
|
0-0: Foul Ball, location: 2F 0-1: Ball 1-1: Called Strike 1-2: Reached on error, E6 (Groundball, 6M, EV 78.8 MPH)
|
|
Batting: RHB Joseph Pocoroba
|
0-0: Ball 1-0: Foul Ball, location: 2F 1-1: SINGLE (Groundball, 4S, EV 75.6 MPH) (infield hit) David Blume to second
|
|
Batting: RHB David Corman
|
0-0: Fly out, F6 (Line Drive, 6, EV 78.1 MPH)
|
|
Batting: RHB Daniel Purpura
|
0-0: Ball 1-0: Ground out 6-3 (Groundball, 56, EV 100.6 MPH)
|
| Top of the 3rd over - 0 runs, 1 hit, 1 error, 2 left on base; Waterbury 0 - Elmira 2 |
| BOTTOM OF THE 3RD |
|
Elmira Pioneers batting - Pitching for Waterbury Rough Riders : RHP Jeffrey Orville
|
|
Batting: RHB Greg Keatley
|
0-0: Fly out, F7 (Flyball, 7S, EV 76.3 MPH)
|
|
Batting: RHB Edwin Rodriguez
|
0-0: Called Strike 0-1: Foul Ball, location: 2F 0-2: Fly out, F4 (Popup, 34, EV 71.3 MPH)
|
|
Batting: SHB Esteban Mendez
|
0-0: Ball 1-0: DOUBLE (Line Drive, 78M, EV 106.9 MPH)
|
|
Batting: LHB Juan Flores
|
0-0: Swinging Strike 0-1: Swinging Strike 0-2: Ball 1-2: Ball 2-2: Strikes out swinging
|
| Bottom of the 3rd over - 0 runs, 1 hit, 0 errors, 1 left on base; Waterbury 0 - Elmira 2 |
| TOP OF THE 4TH |
|
Waterbury Rough Riders batting - Pitching for Elmira Pioneers : LHP Ricky Wright
|
|
Batting: RHB Billy Beane
|
0-0: Ball 1-0: Ball 2-0: Fly out, F5 (Flyball, 5D, EV 88.1 MPH)
|
|
Batting: RHB john W Russell
|
0-0: Foul Ball, location: 2F 0-1: Ball 1-1: Ball 2-1: Ball 3-1: Swinging Strike 3-2: Strikes out swinging
|
|
Batting: RHB Dave Wilder
|
0-0: Called Strike 0-1: Ball 1-1: Foul Ball, location: 2F 1-2: Strikes out swinging
|
| Top of the 4th over - 0 runs, 0 hits, 0 errors, 0 left on base; Waterbury 0 - Elmira 2 |
| BOTTOM OF THE 4TH |
|
Elmira Pioneers batting - Pitching for Waterbury Rough Riders : RHP Jeffrey Orville
|
|
Batting: RHB Curtis Cannedy
|
0-0: Foul Ball, location: 2F 0-1: Swinging Strike 0-2: Ground out 5-3 (Groundball, 56S, EV 67.5 MPH)
|
|
Batting: LHB German Barranca
|
0-0: Called Strike 0-1: Ball 1-1: Ball 2-1: Foul Ball, location: 2F 2-2: Ground out 3-1 (Groundball, 34S, EV 94.4 MPH)
|
|
Batting: RHB Ken Dowell
|
0-0: Swinging Strike 0-1: Ball 1-1: Swinging Strike 1-2: Ball 2-2: Strikes out swinging
|
| Bottom of the 4th over - 0 runs, 0 hits, 0 errors, 0 left on base; Waterbury 0 - Elmira 2 |
| TOP OF THE 5TH |
|
Waterbury Rough Riders batting - Pitching for Elmira Pioneers : LHP Ricky Wright
|
|
Batting: RHB Jack Fimple
|
0-0: Ball 1-0: Fly out, F7 (Line Drive, 7D, EV 103.8 MPH)
|
|
Batting: RHB Jose Quiroz
|
0-0: Foul Ball, location: 2F 0-1: Ball 1-1: Called Strike 1-2: Foul Ball, location: 2F 1-2: Ball 2-2: Strikes out looking
|
|
Batting: LHB David Blume
|
0-0: Ball 1-0: Foul Ball, location: 2F 1-1: Ball 2-1: Ball 3-1: Foul Ball, location: 2F 3-2: Strikes out looking
|
| Top of the 5th over - 0 runs, 0 hits, 0 errors, 0 left on base; Waterbury 0 - Elmira 2 |
| BOTTOM OF THE 5TH |
|
Elmira Pioneers batting - Pitching for Waterbury Rough Riders : RHP Jeffrey Orville
|
|
Batting: RHB Mark Wasinger
|
0-0: Called Strike 0-1: Swinging Strike 0-2: Ground out U3 (Groundball, 3S, EV 83.1 MPH)
|
|
Batting: RHB Richard Givens
|
0-0: Reached on error, E1 (Groundball, 34S, EV 62.5 MPH)
|
|
Batting: RHB Greg Keatley
|
0-0: SINGLE (Line Drive, 89S, EV 106.3 MPH) Richard Givens to second
|
|
Batting: RHB Edwin Rodriguez
|
0-0: Ball 1-0: Called Strike 1-1: Foul Ball, location: 2F 1-2: Ball 2-2: SINGLE (Flyball, 9LS, EV 97.5 MPH) Richard Givens to third Greg Keatley to second
|
|
Batting: SHB Esteban Mendez
|
0-0: Ball 1-0: Foul Ball, location: 2F 1-1: Swinging Strike 1-2: Strikes out swinging
|
|
Batting: LHB Juan Flores
|
0-0: Swinging Strike 0-1: Ball 1-1: Ball 2-1: Ball 3-1: Swinging Strike 3-2: Strikes out swinging
|
| Bottom of the 5th over - 0 runs, 2 hits, 1 error, 3 left on base; Waterbury 0 - Elmira 2 |
| TOP OF THE 6TH |
|
Waterbury Rough Riders batting - Pitching for Elmira Pioneers : LHP Ricky Wright
|
|
Batting: RHB Joseph Pocoroba
|
0-0: Ground out 5-3 (Groundball, 56, EV 104.4 MPH)
|
|
Batting: RHB David Corman
|
0-0: Ball 1-0: Called Strike 1-1: Swinging Strike 1-2: Foul Ball, location: 2F 1-2: Ball 2-2: Ball 3-2: Strikes out looking
|
|
Batting: RHB Daniel Purpura
|
0-0: Called Strike 0-1: Ball 1-1: Ground out 4-3 (Groundball, 4, EV 81.3 MPH)
|
| Top of the 6th over - 0 runs, 0 hits, 0 errors, 0 left on base; Waterbury 0 - Elmira 2 |
| BOTTOM OF THE 6TH |
|
Elmira Pioneers batting - Pitching for Waterbury Rough Riders : RHP Jeffrey Orville
|
|
Batting: RHB Curtis Cannedy
|
0-0: Fly out, F6 (Popup, 6MS, EV 76.3 MPH)
|
|
Batting: LHB German Barranca
|
0-0: Called Strike 0-1: Swinging Strike 0-2: SINGLE (Flyball, 7LS, EV 90.0 MPH)
|
|
Batting: RHB Ken Dowell
|
0-0: Called Strike 0-1: Ball 1-1: Ball 2-1: Grounds into double play, 4-6-3 (Groundball, 4M, EV 101.3 MPH)
|
| Bottom of the 6th over - 0 runs, 1 hit, 0 errors, 0 left on base; Waterbury 0 - Elmira 2 |
| TOP OF THE 7TH |
|
Waterbury Rough Riders batting - Pitching for Elmira Pioneers : LHP Ricky Wright
|
|
Batting: RHB Billy Beane
|
0-0: Foul Ball, location: 2F 0-1: Ground out 4-3 (Groundball, 34, EV 83.8 MPH)
|
|
Batting: RHB john W Russell
|
0-0: Swinging Strike 0-1: Ball 1-1: Ball 2-1: Called Strike 2-2: Strikes out looking
|
|
Batting: RHB Dave Wilder
|
0-0: Foul Ball, location: 2F 0-1: Foul Ball, location: 2F 0-2: Ball 1-2: Ball 2-2: Foul Ball, location: 2F 2-2: Ball 3-2: Ground out 5-3 (Groundball, 56S, EV 85.6 MPH)
|
| Top of the 7th over - 0 runs, 0 hits, 0 errors, 0 left on base; Waterbury 0 - Elmira 2 |
| BOTTOM OF THE 7TH |
|
Elmira Pioneers batting - Pitching for Waterbury Rough Riders : RHP Jeffrey Orville
|
|
Batting: RHB Mark Wasinger
|
0-0: Fly out, F7 (Flyball, 7, EV 76.3 MPH)
|
|
Batting: RHB Richard Givens
|
0-0: Foul Ball, location: 2F 0-1: Swinging Strike 0-2: Strikes out looking
|
|
Batting: RHB Greg Keatley
|
0-0: Called Strike 0-1: Swinging Strike 0-2: SOLO HOME RUN (Flyball, 7D, EV 103.1 MPH), Distance : 358 ft
|
|
Batting: RHB Edwin Rodriguez
|
0-0: Ball 1-0: Fly out, F9 (Flyball, 9, EV 91.3 MPH)
|
| Bottom of the 7th over - 1 run, 1 hit, 0 errors, 0 left on base; Waterbury 0 - Elmira 3 |
| TOP OF THE 8TH |
|
Waterbury Rough Riders batting - Pitching for Elmira Pioneers : LHP Ricky Wright
|
|
Batting: RHB Jack Fimple
|
0-0: Ball 1-0: Fly out, F8 (Flyball, 8RXD, EV 91.3 MPH)
|
|
Batting: RHB Jose Quiroz
|
0-0: Ground out 4-3 (Groundball, 4M, EV 106.3 MPH)
|
|
Batting: LHB David Blume
|
0-0: Swinging Strike 0-1: Ball 1-1: Swinging Strike 1-2: Foul Ball, location: 2F 1-2: Foul Ball, location: 2F 1-2: TRIPLE (Line Drive, 8LXD, EV 106.3 MPH)
|
|
Batting: RHB Joseph Pocoroba
|
0-0: Ball 1-0: Called Strike 1-1: Ball 2-1: Ground out 4-3 (Groundball, 34, EV 85.0 MPH)
|
| Top of the 8th over - 0 runs, 1 hit, 0 errors, 1 left on base; Waterbury 0 - Elmira 3 |
| BOTTOM OF THE 8TH |
|
Elmira Pioneers batting - Pitching for Waterbury Rough Riders : RHP Jeffrey Orville
|
|
Batting: SHB Esteban Mendez
|
0-0: Ball 1-0: Ball 2-0: Fly out, F6 (Popup, 56, EV 68.8 MPH)
|
|
Batting: LHB Juan Flores
|
0-0: Called Strike 0-1: Ball 1-1: Fly out, F7 (Flyball, 78M, EV 85.6 MPH)
|
|
Batting: RHB Curtis Cannedy
|
0-0: SINGLE (Groundball, 6MD, EV 103.8 MPH)
|
|
Batting: LHB German Barranca
|
0-0: Ball 1-0: Ball 2-0: Called Strike 2-1: Foul Ball, location: 2F 2-2: Ball 3-2: Base on Balls Curtis Cannedy to second
|
|
Batting: RHB Ken Dowell
|
0-0: Ball 1-0: Called Strike 1-1: Ball 2-1: Swinging Strike 2-2: Foul Ball, location: 2F 2-2: Ball 3-2: Ground out 6-3 (Groundball, 6M, EV 114.4 MPH)
|
| Bottom of the 8th over - 0 runs, 1 hit, 0 errors, 2 left on base; Waterbury 0 - Elmira 3 |
| TOP OF THE 9TH |
|
Waterbury Rough Riders batting - Pitching for Elmira Pioneers : LHP Ricky Wright
|
|
Batting: RHB David Corman
|
0-0: Ball 1-0: Ball 2-0: Ground out 1-3 (Groundball, 15, EV 65.6 MPH)
|
|
Batting: RHB Daniel Purpura
|
0-0: Called Strike 0-1: Called Strike 0-2: Strikes out swinging, 2-3 out at first.
|
|
Batting: RHB Billy Beane
|
0-0: Swinging Strike 0-1: Foul Ball, location: 2F 0-2: Ball 1-2: Ball 2-2: Fly out, F8 (Flyball, 8LXD, EV 97.5 MPH)
|
| Top of the 9th over - 0 runs, 0 hits, 0 errors, 0 left on base; Waterbury 0 - Elmira 3 |
|